 Dungeon Crawl Stone Soup version 0.30-b1-2-g02819fbbbe (webtiles) character file.

Game seed: 16693008162619959726

2661 Arcadio the Fighter (level 9, -3/71 HPs)
             Began as a Djinni Fire Elementalist on May 16, 2023.
             Was a Follower of Makhleb.
             Slain by a sixfirhy (6 damage)
             ... summoned by a kobold demonologist
             ... in a bailey.
             The game lasted 00:16:48 (8199 turns).

Arcadio the Fighter (Djinni Fire Elementalist)      Turns: 8199, Time: 00:16:49

Health: -3/71      AC:  4    Str:  6 (7)  XL:     9   Next: 94%
Gold:   1447       EV: 18    Int: 24      God:    Makhleb [*.....] SH:  5 Dex: 14

rFire   + . .        y - +7 Throatcutter {drain, coup de grace}
rCold   . . .        (no shield)
rNeg    . . .        a - +0 robe
rPois   ∞            j - +1 hat
rElec   +            g - +0 cloak
rCorr   .            (no gloves)
SInv    .            (boots unavailable)
Will    .....        n - amulet of reflection
Stlth   +++          r - ring of Topohiru {Ice rElec MP+9 Int+3 Stlth+}
HPRegen 0.31/turn    s - +5 ring of evasion
MPRegen 0.00/turn

%: reflection, infuse magic (-4 HP)
@: flying, hasted, very quick
A: sickness immunity, fire resistance 2, cold vulnerability 1, float, innate
caster, HP casting, extra vitality 1, deterioration 1, passive freeze
a: Renounce Religion


You were in a bailey.
You worshipped Makhleb.
Makhleb was aware of your devotion.
You visited 2 branches of the dungeon, and saw 8 of its levels.
You also visited: Bailey.

You collected 1447 gold pieces.

Inventory:

Hand Weapons
 c - a +0 dagger
 f - a +1 vampiric dagger
 y - the +7 Throatcutter (weapon) {drain, coup de grace}
   (You found it on level 5 of the Dungeon)
Armour
 a - a +0 robe (worn)
 g - a +0 cloak (worn)
 h - a +0 ring mail of poison resistance
 j - a +1 hat (worn)
Jewellery
 n - an amulet of reflection (around neck)
 r - the ring of Topohiru (left hand) {Ice rElec MP+9 Int+3 Stlth+}
   (You acquired it on level 6 of the Dungeon)

   [ring of ice]

   It enhances your ice magic.
   Int:       It affects your intelligence (+3).
   rF:        It makes you vulnerable to fire.
   rC:        It protects you from cold.
   rElec:     It insulates you from electricity.
   MP:        It affects your magic capacity (+9).
   Stlth:     It makes you more stealthy.
 s - a +5 ring of evasion (right hand)
Wands
 t - a wand of paralysis (1)
 v - a wand of quicksilver (13)
Scrolls
 b - 3 scrolls of poison
 e - 3 scrolls of teleportation
 m - 2 scrolls of silence
 u - a scroll of vulnerability {unknown}
 w - a scroll of magic mapping
 x - a scroll of amnesia {unknown}
 A - a scroll of immolation {unknown}
 B - a scroll of enchant armour
 C - 2 scrolls of enchant weapon {unknown}
 D - a scroll of blinking {unknown}
 E - a scroll of fog {unknown}
Potions
 d - a potion of attraction
 i - 5 potions of curing
 k - a potion of mutation
 l - a potion of lignification
 p - a potion of might {unknown}
 q - a potion of magic {unknown}
 z - a potion of heal wounds {unknown}


   Skills:
 + Level 8.6 Fighting
 + Level 4.5 Dodging
 - Level 1.5 Stealth
 + Level 7.1 Spellcasting


You knew the following spells:

 Your Spells              Type           Power      Damage    Failure   Level
a - Foxfire               Conj/Fire      100%       2x1d9     1%          1
b - Scorch                Fire           86%        2d8       1%          2
c - Volatile Blastmotes   Fire/Tloc      86%        2d17      1%          3
d - Inner Flame           Hex/Fire       43%        N/A       1%          3
e - Flame Wave            Conj/Fire      43%        2d11      3%          4
f - Apportation           Tloc           86%        N/A       1%          1
g - Wereblood             Tmut           43%        N/A       1%          2
h - Blink                 Tloc           86%        N/A       1%          2
i - Mephitic Cloud        Conj/Pois/Air  43%        N/A       1%          3
Your spell library was empty.

Dungeon Overview and Level Annotations

Branches:
Dungeon (7/15) Zot: 26911  Temple (1/1) D:6 Zot: 5885  Bailey (1/1) Zot: 5121

Altars:
Ashenzari
Dithmenos
Elyvilon
Fedhas
Gozag
Hepliaklqana
Makhleb
Nemelex Xobeh
Okawaru
Ru
Trog
Uskayaw
Wu Jian
Xom
Yredelemnul
Zin
The Shining One

Annotations:
D:6 2 runed translucent doors, GrimJard's ghost, novice DECj


Innate Abilities, Weirdness & Mutations

You are immune to sickness and miasma.
You are immune to poison.
Your flesh is very heat resistant. (rF++)
You are vulnerable to cold. (rC-)
You float through the air rather than walking.
You learn spells naturally, not from books.
Your magical power is your life essence.
You have superior vitality. (+4 MHP)
Your body sometimes deteriorates upon taking damage.
A frigid envelope surrounds you and freezes all who hurt you.


Message History

The kobold demonologist casts a cantrip, but nothing happens.
The iron imp closely misses you.
The kobold demonologist looks satisfied for a moment.
Things that are here:
a +0 hand axe; a +0 leather armour
Casting: Scorch (safe; 1% risk of failure)
Confirm with . or Enter, or press ? or * to list all spells.
Flames lash the iron imp but do no damage.
The iron imp completely misses you. You block the ice devil's attack.
You hit the ice devil but do no damage.
The kobold demonologist gestures wildly while chanting.
The ice devil hits you. The ice devil freezes you!
The ice devil completely resists.
The iron imp hits you but does no damage.
The iron imp completely resists.
The ice devil attacks as you move away! The ice devil completely misses you.
The kobold demonologist casts a spell.
There is a large open door here.
The sixfirhy attacks as you move away! The sixfirhy hits you!
The sixfirhy shocks you. You resist.
The sixfirhy is very cold.
The sixfirhy is moderately wounded.
The sixfirhy closely misses you.
The sixfirhy hits you but does no damage.
The sixfirhy is very cold.
The sixfirhy is moderately wounded.
The sixfirhy hits you!
* * * LOW HITPOINT WARNING * * *
Your body deteriorates!
You feel weakened. The sixfirhy shocks you. You resist.
* * * LOW HITPOINT WARNING * * *
The sixfirhy is very cold.
The sixfirhy is moderately wounded.
There is an open gate here.
Okay, then.
Okay, then.
You feel yourself speed up. The sixfirhy attacks as you move away!
The sixfirhy misses you. The sixfirhy barely misses you.
The sixfirhy attacks as you move away! The sixfirhy hits you.
You die...

≈≈≈≈≈~.#.8.K.#.....#
≈≈≈≈≈~.#..55.#.....#
≈≈≈≈≈#'####54#..⌠..#
≈≈≈≈≈#)...#..5.))..+
≈≈≈≈≈#..).#..'3....+
≈≈≈≈≈###..#####')'#####
≈≈≈≈≈#.'..#...........#
≈≈≈≈≈######~~~~.3.~~~~##
≈≈≈≈≈≈≈≈≈≈≈≈≈≈≈.@.≈≈≈≈≈≈
≈≈≈≈≈≈≈≈≈≈≈≈≈≈≈...≈≈≈≈≈≈
≈≈≈≈≈≈≈≈≈≈≈≈≈≈≈...≈≈≈≈≈≈
≈≈≈≈≈≈≈≈≈≈≈≈≈≈≈...≈≈≈≈≈≈
≈≈≈≈≈≈≈≈≈≈≈≈.........≈≈≈
#############.......####
#.......# #.......#
#...∩...#


You could see a sun demon (summoned), a sixfirhy (summoned) and a quasit
(summoned).

Vanquished Creatures
  Prince Ribbit (D:5)
  A steam dragon (D:6)
  Edmund (D:5)
  A water moccasin (D:5)
  An ice beast (Temple)
  3 orc warriors (Bailey)
  2 black bears
  A bullfrog (D:7)
  4 scorpions
  A howler monkey (D:5)
  A vampire bat (D:5)
  An electric eel (Bailey)
  3 hounds
  6 orc priests
  A jelly (D:6)
  8 iguanas
  Ijyb (D:4)
  3 sleepcaps
  9 orc wizards
  Robin (D:3)
  5 gnolls
  10 adders
  3 white imps
  A worm (D:2)
  A dart slug (D:4)
  18 orcs
  5 ball pythons
  18 bats
  5 endoplasms
  5 giant cockroaches
  24 goblins
  15 hobgoblins
  9 jackals
  3 quokkas
  4 frilled lizards
  6 kobolds
  2 rats
184 creatures vanquished.

Vanquished Creatures (others)
  117 foxfires
  2 plants (D:6)
119 creatures vanquished.

Grand Total: 303 creatures vanquished

Notes
Turn   | Place    | Note
-------+----------+-------------------------------------------
     0 | D:1      | Arcadio the Djinni Fire Elementalist began the quest for
                  | the Orb.
     0 | D:1      | Arcadio set off with the following spells memorised:
                  | Foxfire, Scorch, Volatile Blastmotes, Inner Flame, Flame
                  | Wave.
     0 | D:1      | Reached XP level 1. HP: 15/15 MP: 0/0
   116 | D:1      | Reached skill level 1 in Fighting
   116 | D:1      | Reached XP level 2. HP: 22/22 MP: 0/0
   468 | D:1      | Reached XP level 3. HP: 26/27 MP: 0/0
   468 | D:1      | Learned a level 1 spell: Apportation
   922 | D:2      | Reached skill level 2 in Fighting
   926 | D:2      | Reached XP level 4. HP: 22/33 MP: 0/0
  1399 | D:2      | Reached XP level 5. HP: 13/40 MP: 0/0
  1399 | D:2      | Learned a level 2 spell: Wereblood
  1638 | D:3      | Reached skill level 3 in Fighting
  1797 | D:3      | Noticed Robin
  1812 | D:3      | Killed Robin
  2361 | D:4      | Found a hide-covered altar of Uskayaw.
  2366 | D:4      | Reached XP level 6. HP: 42/46 MP: 0/0
  2379 | D:4      | HP: 2/46 [gnoll/+0 spear (2)]
  2892 | D:4      | Reached skill level 4 in Fighting
  3425 | D:4      | Noticed Ijyb
  3433 | D:4      | Killed Ijyb
  3752 | D:5      | Entered Level 5 of the Dungeon
  3803 | D:5      | Noticed a black bear
  3805 | D:5      | Reached XP level 7. HP: 49/53 MP: 0/0
  3805 | D:5      | Learned a level 2 spell: Blink
  3915 | D:5      | Noticed Edmund
  3922 | D:5      | Killed Edmund
  3923 | D:5      | Reached skill level 5 in Fighting
  4115 | D:5      | Reached skill level 5 in Spellcasting
  4240 | D:5      | Reached XP level 8. HP: 54/60 MP: 0/0
  4253 | D:5      | Reached skill level 6 in Fighting
  4436 | D:5      | Found the +7 Throatcutter {drain, coup de grace}
  4923 | D:6      | Noticed Prince Ribbit
  4936 | D:5      | Gained mutation: Your body sometimes deteriorates upon
                  | taking damage. [potion of mutation]
  4936 | D:5      | Gained mutation: A frigid envelope surrounds you and
                  | freezes all who hurt you. [potion of mutation]
  4936 | D:5      | HP: 3/62 [Prince Ribbit (5)]
  5371 | D:5      | Killed Prince Ribbit
  5801 | D:6      | Found an opulent altar of Gozag.
  5808 | D:6      | Reached skill level 7 in Fighting
  5847 | D:6      | Reached XP level 9. HP: 40/68 MP: 0/0
  5847 | D:6      | Learned a level 3 spell: Mephitic Cloud
  6017 | D:6      | Found a runed translucent door.
  6071 | D:6      | Found a runed translucent door.
  6074 | D:6      | Noticed GrimJard's ghost (novice DECj)
  6154 | D:6      | Found a staircase to the Ecumenical Temple.
  6315 | Temple   | Entered the Ecumenical Temple
  6322 | Temple   | Became a worshipper of Makhleb the Destroyer
  6458 | D:6      | Reached skill level 8 in Fighting
  6652 | D:6      | Found a hazy altar of Hepliaklqana.
  6653 | D:6      | Found a glowing golden altar of the Shining One.
  6983 | D:6      | Identified 2 scrolls of acquirement
  6989 | D:6      | Acquired 717 gold pieces
  6993 | D:6      | Acquired the ring of Topohiru {Ice rElec MP+9 Int+3 Stlth+}
  7314 | D:7      | Found a flagged portal.
  7320 | Bailey   | Entered a bailey
  7349 | Bailey   | Reached * piety under Makhleb
  8152 | Bailey   | Acquired 434 gold pieces
  8153 | Bailey   | Noticed a kobold demonologist
  8164 | Bailey   | Noticed a hellwing
  8165 | Bailey   | Noticed a rust devil
  8186 | Bailey   | Noticed an ice devil
  8191 | Bailey   | Noticed a sixfirhy
  8193 | Bailey   | Noticed a sun demon
  8194 | Bailey   | HP: 2/71 [sixfirhy[a kobold demonologist] (4)]
  8199 | Bailey   | Slain by a sixfirhy

Illustrated notes

Levels and vault maps discovered:
D:1:      evilmike_arrival_rings, layout_rooms, minmay_misc_feat_nine_boxes,
          nicolae_concentric_dashed_squares_mild
D:2:      layout_rooms, cheibrodos_gnoll_hut
D:3:      layout_loops_ring, chequers_serial_rivers_small_b, uniq_robin
D:4:      layout_basic, eat_drink_and_be_merry_uskayaw, minmay_fire_ice_demons,
          uniq_ijyb
D:5:      layout_basic, roderic_batcave, uniq_edmund
D:6:      layout_gridville, grunt_gozag_breadcrumbs,
          nicolae_overflow_two_pavilions, minmay_temple_entry_glass,
          ebering_ghost_sewer_f, serial_bayou_crossing, uniq_prince_ribbit1
D:7:      layout_rooms, mainiacjoe_overflow_tiny_flanked, enter_bailey_3,
          chequers_avenue
Temple:   nicolae_temple_no_exploring_needed
Bailey:   bailey_axe_of_yendor_kennysheep, bailey

Skill      XL: |  1  2  3  4  5  6  7  8  9 |
---------------+----------------------------+-----
Fighting       | 1 2 3 4 5 7 8 |  8.6
Spellcasting   | 3 4 5 6 7 |  7.1
Dodging        | 4 |  4.5
Stealth        | |  1.5

Action                     |  1- 3 |  4- 6 |  7- 9 || total
---------------------------+-------+-------+-------++-------
  Melee: Dagger            |     6 |    75 |       ||    81
         Long sword        |       |       |    30 ||    30
   Cast: Foxfire           |    30 |    14 |    30 ||    74
         Scorch            |    13 |    97 |   145 ||   255
         Wereblood         |       |     1 |       ||     1
         Volatile Blastmot |       |       |     1 ||     1
    Use: Potion            |       |       |     3 ||     3
         Scroll            |       |       |    14 ||    14
   Stab: Sleeping          |     2 |       |       ||     2
 Armour: Robe              |     5 |    24 |    22 ||    51
  Dodge: Dodged            |    13 |    42 |    86 ||   141
  Block: Other             |       |    20 |    32 ||    52
         Reflection        |       |       |     1 ||     1
